 Dungeon Crawl Stone Soup version 0.25-a0-435-g4b9beb1024 (webtiles) character file.

Game seed: 16433450658037600172, levelgen mode: deterministic

1889 Archen the Cleaver (level 8, -3/73 HPs)
             Began as a Minotaur Berserker on Jan 29, 2020.
             Was an Elder of Trog.
             Slain by a yak (11 damage)
             ... on level 8 of the Dungeon.
             The game lasted 00:11:13 (5090 turns).

Archen the Cleaver (Minotaur Berserker)             Turns: 5090, Time: 00:11:14

Health: -3/73      AC: 14    Str: 24    XL:     8   Next: 92%
Magic:  7/7        EV:  5    Int:  4    God:    Trog [****..]
Gold:   380        SH: 14    Dex: 10    Spells: 7/7 levels left

rFire    . . .     SeeInvis .   w - +0 war axe
rCold    . . .     Gourm    .   k - +2 large shield
rNeg     . . .     Faith    .   s - +0 chain mail
rPois    +         Spirit   .   (helmet restricted)
rElec    .         Reflect  .   u - +0 cloak
rCorr    .         Harm     .   (no gloves)
MR       .....                  r - +1 pair of boots
Stlth    ..........             h - amulet of magic regeneration
HPRegen  0.22/turn              f - ring of poison resistance
MPRegen  0.35/turn              (no ring)

@: no status effects
A: retaliatory headbutt, horns 2
a: Berserk, Trog's Hand, Brothers in Arms, Renounce Religion


You were on level 8 of the Dungeon.
You worshipped Trog.
Trog was greatly pleased with you.
You were not hungry.

You visited 1 branch of the dungeon, and saw 6 of its levels.

You collected 380 gold pieces.

Inventory:

Hand Weapons
 a - a +0 hand axe
 q - a +0 hand axe of venom
 w - a +0 war axe (weapon)
Armour
 g - a +1 ring mail
 k - a +2 large shield (worn)
 r - a +1 pair of boots (worn)
 s - a +0 chain mail (worn)
 u - a +0 cloak (worn)
Jewellery
 f - a ring of poison resistance (left hand)
 h - an amulet of magic regeneration (around neck)
Wands
 e - a wand of digging (5)
 B - a wand of enslavement (10)
 C - a wand of clouds (3)
Scrolls
 d - 2 scrolls of enchant armour
 i - 7 scrolls of teleportation
 j - a scroll of fog
 m - 8 scrolls of identify
 n - 4 scrolls of remove curse
 y - 2 scrolls of magic mapping {unknown}
 z - 2 scrolls of enchant weapon {unknown}
 A - 3 scrolls of immolation {unknown}
Potions
 b - a potion of flight {unknown}
 l - 2 potions of lignification {unknown}
 o - a potion of heal wounds {unknown}
 p - 2 potions of invisibility {unknown}
 t - 2 potions of haste {unknown}
 x - 2 potions of mutation {unknown}
Comestibles
 c - 11 rations
 v - 2 chunks of flesh


   Skills:
 + Level 7.1 Fighting
 * Level 9.5 Axes
 + Level 6.6 Armour
 + Level 6.0 Dodging


You had 7 spell levels left.
You didn't know any spells.
Your spell library was empty.

Dungeon Overview and Level Annotations

Branches:
Dungeon (5/15)
 Temple: D:4-7

Altars:
Hepliaklqana
Makhleb
Nemelex Xobeh
Okawaru
Ru
Trog
Xom
Yredelemnul

Shops:
D:4 [   D:8 *

Annotations:
D:8 3 runed translucent doors, Anathary's ghost, novice DsGl; Prince Ribbit


Innate Abilities, Weirdness & Mutations

You reflexively headbutt those who attack you in melee.
You have a pair of horns on your head.


Message History

You slash the yak! You hit the yak. You slash the dream sheep!
You kill the dream sheep!
Trog accepts your kill.
Your Dodging skill increases to level 6!
Your shield prevents you from hitting the big kobold.
The big kobold hits you but does no damage.
The yak gores you. You block the yak's attack.
The big kobold completely misses you. The yak gores you! x2
* * * LOW HITPOINT WARNING * * *
Things that are here:
a +2 falchion of flaming; 18 gold pieces; a big kobold corpse You block the big kobold's attack.
The yak gores you!
* * * LOW HITPOINT WARNING * * *
You slash the yak! You headbutt the yak.
The yak is heavily wounded.
Your shield and chain mail prevent you from hitting the big kobold.
You slash the plant! You slash the yak!
The big kobold hits you but does no damage.
You block the yak's attack. The yak gores you!
You die...

#..)....#####.#
######........#.#
####..##.....#
#..........##
#....##.##.#
####†###### .#
#.≈.†.≈P≈# #
#%..YYK≈≈#
#..P%@P≈≈#
#.%...≈≈P#
#.....P≈.#
##'''###+#
#.....# #%%...+
#######


You could see 2 yaks and a big kobold.

Vanquished Creatures
  Grinder (D:4)
  2 dream sheep (D:8)
  A hippogriff (D:5)
  A black bear (D:4)
  2 ogres (D:4)
  A phantom (D:5)
  A big kobold (D:8)
  2 howler monkeys (D:8)
  2 crimson imps
  A bullfrog zombie (D:2)
  2 hounds (D:8)
  A jelly (D:8)
  3 orc priests (D:5)
  An orc wizard (D:5)
  An iguana (D:5)
  2 worker ants
  Ijyb (D:5)
  14 adders
  3 gnolls (D:3)
  2 adder zombies (D:5)
  5 worms
  A dart slug (D:1)
  2 leopard geckos
  21 orcs
  8 bats
  3 giant cockroaches
  7 goblins
  5 hobgoblins
  4 jackals (D:8)
  2 quokkas
  7 frilled lizards
  6 kobolds
  A leopard gecko zombie (D:5)
  A quokka skeleton (D:5)
  11 rats
128 creatures vanquished.

Vanquished Creatures (others)
  2 plants (D:8)
2 creatures vanquished.

Grand Total: 130 creatures vanquished

Notes
Turn   | Place    | Note
-------+----------+-------------------------------------------
     0 | D:1      | Archen the Minotaur Berserker began the quest for the Orb.
     0 | D:1      | Reached XP level 1. HP: 19/19 MP: 0/0
   126 | D:1      | Reached XP level 2. HP: 15/27 MP: 1/1
   206 | D:1      | Reached skill level 4 in Axes
   926 | D:2      | Reached ** piety under Trog
   926 | D:2      | Reached XP level 3. HP: 26/33 MP: 2/2
  1120 | D:2      | Found a sacrificial altar of Ru.
  1230 | D:2      | Reached XP level 4. HP: 19/40 MP: 3/3
  1717 | D:2      | Reached skill level 5 in Axes
  1824 | D:2      | Found a hazy altar of Hepliaklqana.
  2026 | D:3      | Reached XP level 5. HP: 47/47 MP: 4/4
  2125 | D:3      | Reached *** piety under Trog
  2752 | D:4      | Noticed a black bear
  2760 | D:4      | Killed a black bear
  2760 | D:4      | Reached skill level 5 in Fighting
  2760 | D:4      | Reached skill level 6 in Axes
  2760 | D:4      | Reached XP level 6. HP: 44/56 MP: 5/5
  2991 | D:4      | Noticed Grinder
  2996 | D:4      | Paralysed by Grinder for 7 turns
  3011 | D:4      | Killed Grinder
  3011 | D:4      | Reached skill level 7 in Axes
  3011 | D:4      | Reached XP level 7. HP: 18/61 MP: 6/6
  3292 | D:4      | Found Muyxil's Antique Armour Emporium.
  3381 | D:4      | Reached skill level 5 in Armour
  3391 | D:4      | Found a basalt altar of Yredelemnul.
  3438 | D:4      | Reached **** piety under Trog
  3692 | D:5      | Entered Level 5 of the Dungeon
  3753 | D:5      | Found a bloodstained altar of Trog.
  3848 | D:5      | Noticed Ijyb
  3863 | D:5      | Killed Ijyb
  3974 | D:5      | Noticed a hippogriff
  3985 | D:5      | Killed a hippogriff
  3985 | D:5      | Reached skill level 8 in Axes
  3985 | D:5      | Reached skill level 5 in Dodging
  3985 | D:5      | Reached XP level 8. HP: 38/70 MP: 7/7
  4215 | D:5      | Found a sparkling altar of Nemelex Xobeh.
  4215 | D:5      | Found a burning altar of Makhleb.
  4455 | D:5      | You fall into a shaft and drop 3 floors!
  4455 | D:8      | Found an iron altar of Okawaru.
  4529 | D:8      | Found a runed translucent gate.
  4529 | D:8      | Found a runed translucent gate.
  4529 | D:8      | Noticed Prince Ribbit
  4545 | D:8      | Found a runed translucent gate.
  4546 | D:8      | Noticed Anathary's ghost (novice DsGl)
  4832 | D:8      | Found a shimmering altar of Xom.
  4913 | D:8      | Found Dadituepn's Elemental Accessories.
  5076 | D:8      | Noticed a dream sheep
  5077 | D:8      | Noticed a dream sheep
  5084 | D:8      | Killed a dream sheep
  5084 | D:8      | Reached skill level 9 in Axes
  5087 | D:8      | Killed a dream sheep
  5090 | D:8      | Slain by a yak

Levels and vault maps discovered:
D:1:      dpeg_arrival_solitude, layout_basic, palyth_stone_intersect,
          minivault_24, corexii_corridor_pit
D:2:      layout_loops_ring, marbit_many_paths, lemuel_round_altar, first_ration
D:3:      layout_loops_ring
D:4:      black_bear_nest_1, layout_loops_corners, kennysheep_little_box,
          serial_shops, shop, uniq_grinder
D:5:      layout_layer_cave, bloody_trog,
          chequers_temple_overflow_statue_of_worship, uniq_ijyb
D:8:      layout_basic, lemuel_round_altar, old_standard_altar,
          nicolae_overflow_crystal_walls, gammafunk_ghost_split, hangedman_ranch
          [blue_anna_fruit_fields], nicolae_elemental_shop, uniq_prince_ribbit1,
          uniq_erica

Skill      XL: |  1  2  3  4  5  6  7  8 |
---------------+-------------------------+-----
Axes           | 4 5 6 7 8 9 |  9.5
Fighting       | 4 5 6 7 |  7.1
Armour         | 3 4 5 6 |  6.6
Dodging        | 3 4 5 6 |  6.0

Action                   |  1- 3 |  4- 6 |  7- 9 || total
-------------------------+-------+-------+-------++-------
Melee: Hand axe          |    78 |   131 |    50 ||   259
       Headbutt          |    12 |    31 |    19 ||    62
       Unarmed           |       |       |     4 ||     4
       War axe           |       |       |    68 ||    68
  Use: Scroll            |       |     7 |       ||     7
  Eat: Chunk             |     1 |     6 |     6 ||    13
Armor: Animal skin       |    11 |       |       ||    11
       Ring mail         |    17 |    23 |       ||    40
       Chain mail        |       |    23 |    52 ||    75
Dodge: Dodged            |    46 |    69 |    28 ||   143
Block: Large shield      |       |       |    75 ||    75

Table legend:
 A = Non-vault XP
 B = Vault XP
 C = Vault XP percentage of total XP
 D = Non-vault monster count
 E = Vault monster count
 F = Vault count percentage of total count
                 A         B        C        D         E       F
            +---------+---------+-------+---------+---------+-------
      Total |    1661 |    1038 |  38.5 |     121 |       7 |   5.5
            +---------+---------+-------+---------+---------+-------
        D:1 |      33 |       0 |   0.0 |      20 |       0 |   0.0
        D:2 |     159 |       2 |   1.2 |      23 |       1 |   4.2
        D:3 |     181 |       0 |   0.0 |      22 |       0 |   0.0
        D:4 |     362 |     400 |  52.5 |      23 |       2 |   8.0
        D:5 |     674 |      35 |   4.9 |      20 |       1 |   4.8
        D:8 |     252 |     601 |  70.5 |      13 |       3 |  18.8
            +---------+---------+-------+---------+---------+-------
